[Event "Early-Titled-Tuesday-Blitz-January-23-2024"]
[Site "Chess.com"]
[Date "2024.01.23"]
[Round "6"]
[White "HajiyevKanan"]
[Black "emeli_chess"]
[Result "0-1"]
[WhiteElo "2581"]
[BlackElo "2437"]
[TimeControl "180+1"]
[EndTime "9:08:12 PST"]
[Termination "emeli_chess won by resignation"]

1. d4 Nf6 2. Nf3 d5 3. c4 e6 4. cxd5 exd5 5. Nc3 Bb4 6. Qc2 c5 7. a3 Bxc3+ 8. bxc3 c4 9. Bg5 h6 10. Bh4 O-O 11. e3 Qd6 12. Be2 Ne4 13. O-O Bf5 14.
Qb2 b6 15. Nd2 Nxd2 16. Qxd2 Nd7 17. a4 Rfe8 18. Rfe1 a6 19. Bg3 Qc6 20. Bd1 b5 21. Bc2 Bxc2 22. Qxc2 Nf6 23. Be5 Nd7 24. Bf4 Nf6 25.
Reb1 Re7 26. Be5 Rb7 27. Bxf6 gxf6 28. axb5 Rxb5 29. Rxb5 axb5 30. Rb1 Rb8 31. Qf5 Kg7 32. Qg4+ Kh7 33. Qh4 b4 34. cxb4 c3 35. Qh5 c2 36.
Qf5+ Kg7 37. Rc1 Rxb4 38. h4 Rc4 39. Qg4+ Kh7 40. Qf5+ Kg7 41. Qd3 Qa4 42. Kh2 Qa2 43. h5 Qb2 44. Qd2 Qb8+ 45. g3 Qb3 46. g4 Qb2 47. Kg3 Qb3 48. Kf4 Qb8+ 49. Kf3 Qb3 50.
Ke2 Qb2 51. Kd3 Qb3+ 52. Ke2 Qb2 53. f4 Qb3 54. Kf3 Qb2 55. Kg3 Qb3 56. Kh4 Rc3 57. g5 Rxe3 58. gxh6+ Kxh6 59. f5 Kh7 60. Qg2 Qd3 61. h6 Re4+ 62. Kh5 Qe2+ 63. Qxe2 Rxe2 64. Kg4 Kxh6 65. Kf3 Rh2 66. Kg3 Rd2 67. Kf3 Kg5 68. Ke3 Rh2 69. Rg1+ Kxf5 70. Rf1+ Ke6 71. Kd3 f5 72.
Ra1 f4 73. Rf1 Kf5 74. Rc1 Rg2 75. Rf1 Kg4 76. Rh1 f3 77. Ke3 Re2+ 78. Kd3 Kg3 79.
Rg1+ Kh2 80. Rc1 Kg2 81. Ra1 Re4 82. Kxc2 f2 83. Kd2 f1=Q 84. Rxf1 Kxf1 85. Kd3 Kf2 86. Kc3 f5 87. Kb4 Ke3 88. Kc5 f4 89.
Kxd5 Rxd4+ 90. Kc5 f3 91. Kc6 f2 0-1

[Event "Early-Titled-Tuesday-Blitz-January-23-2024"]
[Site "Chess.com"]
[Date "2024.01.23"]
[Round "6"]
[White "LaPiToB"]
[Black "SujanaLohani"]
[Result "1-0"]
[WhiteElo "2288"]
[BlackElo "1976"]
[TimeControl "180+1"]
[EndTime "9:08:12 PST"]
[Termination "LaPiToB won on time"]

1. d4 Nf6 2. c4 d6 3. Nf3 g6 4. Nc3 Bg7 5. e4 O-O 6. Be2 c5 7. Be3 cxd4 8. Nxd4 Nbd7 9. O-O b6 10. Nc6 Qe8 11. Nd5 Nc5 12. Ncxe7+ Kh8 13. Nxf6 Bxf6 14.
Nd5 Bxb2 15. Bd4+ Bxd4 16. Qxd4+ Qe5 17. Qxe5+ dxe5 18. f3 Ne6 19. Rfc1 Bb7 20. c5 Nxc5 21. a4 Nb3 22. Rab1 Nxc1 23. Rxc1 Rac8 24. Rb1 Bxd5 25. exd5 Rc5 26. Rd1 Rd8 27. d6 Rc2 28. Bb5 Kg7 29. d7 Kf8 30. Re1 f6 31. f4 Rc5 32. fxe5 Rxe5 33. Rc1 Ke7 34. Rc7 a6 35. Bxa6 Rxd7 36. Rc1 Rd2 37. Bb5 Rc5 38. Re1+ Re5 39. Rc1 Kd6 40. h3 Rc5 41. Re1 Rcc2 42. Bf1 Ra2 43.
Rb1 Kc5 44. Rb5+ Kc6 45. Rb4 Rdb2 46. Rf4 f5 47. Rh4 h5 48. Rc4+ Kd5 49. Rh4 Rd2 50.
Bc4+ Kc5 51. Bxa2 Rxa2 52. Kh2 Kd5 53. Rb4 Kc5 54. Rb5+ Kc6 55. Rb4 Kc5 56. Rf4 Rd2 57. Kg3 Rd4 58. Rf3 Rxa4 59. Re3 Re4 60. Rd3 Rd4 61. Re3 b5 62. Ra3 Ra4 63. Re3 Rc4 64. Rf3 b4 65. Rf2 Rc3+ 66. Kf4 Kc4 67. Kg5 b3 68. Kxg6 Rc2 69. Rf4+ Kc3 70. Rf3+ Kb2 71. Kxh5 Rxg2 72. Rxf5 Kc1 73. Rb5 b2 74. h4 1-0

[Event "Early-Titled-Tuesday-Blitz-January-23-2024"]
[Site "Chess.com"]
[Date "2024.01.23"]
[Round "6"]
[White "Tejas_Rama"]
[Black "Happy1712Drummer"]
[Result "1-0"]
[WhiteElo "2639"]
[BlackElo "2438"]
[TimeControl "180+1"]
[EndTime "9:08:35 PST"]
[Termination "Tejas_Rama won by resignation"]

1. d4 d5 2. c4 e6 3. Nf3 a6 4.
Bg5 Be7 5. Bxe7 Qxe7 6. cxd5 exd5 7. e3 Nf6 8. Nc3 O-O 9. Bd3 Be6 10. Qc2 c6 11. O-O Nbd7 12. Rab1 Rfc8 13. b4 b5 14. Nd2 Nb6 15. Nb3 g6 16. Nc5 a5 17.
bxa5 Rxa5 18. a4 Nxa4 19. N3xa4 bxa4 20. Nxa4 Nd7 21. Rb7 Qa3 22. Nb6 Nxb6 23. Rxb6 c5 24. dxc5 Raxc5 25. Qd2 Qc3 26. Qxc3 Rxc3 27. Be2 Rc1 28.
Bf3 Kg7 29. Rb1 Rxf1+ 30. Kxf1 Rc2 31. Rd1 Rc5 32. Ke2 Kf6 33. Rd4 Ke5 34. Kd2 h5 35.
h4 Ra5 36. Kc3 Ra2 37. Rd2 Ra3+ 38. Kb4 Ra1 39. Rc2 Rb1+ 40. Kc5 Rd1 41. Kc6 Rg1 42. Kc7 Rh1 43. g3 Rb1 44. Rd2 Rb4 45. Kc6 Rc4+ 46. Kb5 Rc1 47. Kb6 Rc3 48. Ka5 Rc1 49. Kb4 Rc7 50.
Kb3 Rc8 51. Kb2 Rc7 52. Rc2 Rc8 53. Rxc8 Bxc8 54. Kc3 Be6 55. Kb4 Bf5 56. Kc5 Be4 57. Bd1 Kf5 58. f3 Bd3 59. Kxd5 Bf1 60. Bc2+ Kf6 61. Ke4 Bb5 62. Kf4 Bc6 63. e4 Bd7 64. Bb3 Bb5 65. e5+ Ke7 66. Kg5 Bc6 67. f4 Be4 68.
Kh6 Bf5 69. Kg7 Be6 70. Bc2 Bg4 71. Kh6 Ke6 72. Kg5 Bf3 73. f5+ gxf5 74. Kf4 Bg4 75. Bd3 Bh3 76. Be2 Bg4 77. Bc4+ Ke7 78. Bd3 Ke6 79. Bc4+ Ke7 80. Kg5 Bh3 81. Kxh5 Bg4+ 82. Kg5 Kf8 83. Bd3 Kg7 84. Bxf5 Bf3 85. Bg4 Bd5 86. h5 Bc4 87. h6+ Kh8 88. Bf5 Be2 89. Kf6 Bc4 90. Be4 Be6 91. Bg6 fxg6 92. Kxe6 Kh7 93.
Kf6 Kxh6 94. e6 Kh5 95. e7 1-0

[Event "Early-Titled-Tuesday-Blitz-January-23-2024"]
[Site "Chess.com"]
[Date "2024.01.23"]
[Round "6"]
[White "vesalhamedinia"]
[Black "Iunusovnuriddin"]
[Result "0-1"]
[WhiteElo "2491"]
[BlackElo "2295"]
[TimeControl "180+1"]
[EndTime "9:08:35 PST"]
[Termination "Iunusovnuriddin won by checkmate"]

1. d4 Nf6 2. c4 c5 3. d5 e6 4.
Nc3 exd5 5. cxd5 d6 6. Nf3 g6 7.
Bg5 Bg7 8. Nd2 O-O 9. e4 Re8 10. Be2 Na6 11. O-O Bd7 12. a4 Nb4 13. Re1 a6 14.
Nc4 h6 15. Bh4 g5 16. Bg3 Nxe4 17. Nxe4 Rxe4 18. Nxd6 Rd4 19. Qc1 Nxd5 20. Qxc5 Bc6 21. Bh5 Qb6 22. Bxf7+ Kh8 23. Qc2 Nf4 24. Nf5 Rd7 25.
Be6 Rc7 26. Nxg7 Rxg7 27. Qc3 Rf8 28. Bg4 Bxg2 29. Re7 Qf6 30. Rxg7 Qxc3 31. bxc3 Kxg7 32. Rd1 Bc6 33. Rd6 Rf6 34. Rd8 h5 35. Bd1 h4 36.
Bxf4 gxf4 37. a5 Rg6+ 38. Kf1 Rg2 39. h3 Rh2 40. Bg4 Rh1+ 41. Ke2 Rc1 42. Kd3 f3 43.
Rd4 Rd1+ 44. Ke3 Re1+ 45. Kf4 Re7 46. Kg5 Re5+ 47. Kxh4 Rxa5 48. Kg3 Rc5 49. c4 b5 50.
cxb5 axb5 51. Bxf3 Rc3 52. Rf4 b4 53. Rxb4 Rxf3+ 54. Kg4 Rxf2 55. Rc4 Bd7+ 56. Kg3 Rf7 57. Rd4 Bf5 58.
h4 Bg6 59. Kg4 Kh6 60. Rd6 Ra7 61. Rd4 Ra1 62. Kf4 Rg1 63. Ke5 Kh5 64. Kf6 Bc2 65.
Rc4 Bd1 66. Rd4 Bg4 67. Ke5 Kxh4 68. Kf4 Rf1+ 69. Ke3 Kg5 70. Rd5+ Bf5 71. Rd4 Ra1 72. Kf3 Kf6 73. Kf4 Rf1+ 74. Kg3 Ke5 75. Ra4 Kf6 76. Ra6+ Kg5 77. Ra5 Rb1 78. Rc5 Rb3+ 79. Kf2 Kf4 80. Rc4+ Be4 81. Ra4 Rb2+ 82. Ke1 Ke3 83. Kd1 Rb1# 0-1

[Event "Early-Titled-Tuesday-Blitz-January-23-2024"]
[Site "Chess.com"]
[Date "2024.01.23"]
[Round "6"]
[White "DrCeltic"]
[Black "HeroWilczek"]
[Result "0-1"]
[WhiteElo "2610"]
[BlackElo "2460"]
[TimeControl "180+1"]
[EndTime "9:08:38 PST"]
[Termination "HeroWilczek won by checkmate"]

1. e4 e6 2. d4 d5 3. Nc3 Bb4 4. e5 c5 5. Bd2 Bxc3 6. Bxc3 Nc6 7. dxc5 Nge7 8. Nf3 Nf5 9. Bd3 O-O 10. Bxf5 exf5 11.
O-O Be6 12. b4 Rc8 13. Rb1 h6 14. a4 Qd7 15. b5 Ne7 16. Bb4 Rfd8 17. Nd4 Ng6 18.
c6 bxc6 19. Nxc6 Rxc6 20. bxc6 Qxc6 21. Qd4 Qxc2 22. Rfc1 Qxa4 23. Ra1 Qb5 24. Rxa7 f4 25.
f3 Qe2 26. Re1 Qc2 27. Bd6 Rc8 28. Raa1 Qf5 29. Rec1 Rc2 30. Rxc2 Qxc2 31. Qf2 Qc3 32. Rd1 Kh7 33. Qd2 Qb3 34. Qd3 Qb6+ 35. Qd4 Qb3 36.
Qd3 Qb6+ 37. Kh1 Kg8 38. Rb1 Qf2 39. Qf1 Qc2 40. Rc1 Qb3 41. Qd1 Qb5 42. Rb1 Qc4 43.
Rc1 Qb5 44. Qc2 Kh7 45. Bc5 Qc6 46. Bd4 Qb5 47. h3 Qb7 48. Bg1 Qd7 49. Bh2 Bf5 50.
Qc7 Qe6 51. Qd6 Qxe5 52. Qxe5 Nxe5 53. Rd1 Nd3 54. Kg1 Kg6 55. Kf1 Kf6 56. Ke2 Nc5 57.
Bxf4 Ke6 58. Be3 Nd7 59. Bd4 f6 60. g4 Bc2 61. Re1 Bb3 62. Kd3+ Kf7 63. Kc3 Bc4 64.
Kb4 Nf8 65. Kc5 Ne6+ 66. Kd6 Nxd4 67. Re7+ Kg6 68. f4 f5 69. Kc5 Kf6 70. Rd7 Ne6+ 71.
Kd6 Nxf4 72. gxf5 Nxh3 73. Rd8 Kxf5 74. Rf8+ Kg4 75. Ke5 g5 76. Kd4 h5 77. Rf1 Nf4 78. Rg1+ Kf5 79. Ke3 h4 80. Rb1 h3 81. Rb8 Kg4 82. Rh8 Kg3 83. Rg8 g4 84. Rf8 Ng2+ 85. Kd4 h2 86. Rh8 Nh4 87. Kc5 h1=Q 88. Kd4 Qg1+ 89.
Ke5 Qe3+ 90. Kd6 Nf5+ 91. Kc6 Qe6+ 92. Kc5 Qd6# 0-1

[Event "Early-Titled-Tuesday-Blitz-January-23-2024"]
[Site "Chess.com"]
[Date "2024.01.23"]
[Round "6"]
[White "BardArtem"]
[Black "Sebastian"]
[Result "0-1"]
[WhiteElo "2818"]
[BlackElo "3000"]
[TimeControl "180+1"]
[EndTime "9:08:43 PST"]
[Termination "Sebastian won by resignation"]

1. e4 c5 2. c3 Nf6 3. e5 Nd5 4. Nf3 d6 5. Bc4 e6 6. d4 cxd4 7. cxd4 Nc6 8. O-O Be7 9. Bd2 O-O 10. Nc3 dxe5 11. dxe5 Nxc3 12. Bxc3 b6 13. Qe2 Bb7 14. Rad1 Qc7 15. Rfe1 Rfd8 16. h3 h6 17. a3 Bf8 18.
Bd3 Ne7 19. Bb4 Nd5 20. Bxf8 Kxf8 21. Qe4 g6 22. Qh4 Kg7 23. Be4 Ne7 24. Rd6 Bxe4 25. Qxe4 Nf5 26. Rdd1 Rac8 27. Qf4 Rxd1 28. Rxd1 Qc2 29. Qd2 a5 30. Qxc2 Rxc2 31. Rd7 Kf8 32.
g4 Ne7 33. b4 axb4 34. axb4 Nd5 35. Nd4 Rc4 36. Nb5 Rxb4 37. Nd6 Rf4 38. Rb7 g5 39. Kg2 Kg7 40. Kg3 Kg6 41. Rb8 Kh7 42. Rb7 Kg7 43. Rb8 Kg6 44. Rb7 Nb4 45. Rb8 Nd3 46. Rg8+ Kh7 47.
Rf8 Nxe5 48. Rb8 Nd3 49. Rxb6 Nxf2 50. Rb7 Kg6 51. Kg2 Ne4 52. Nc8 Rf2+ 53. Kg1 Rc2 54. Ne7+ Kf6 55. Ng8+ Kg7 56. Ne7 Nd2 57. Kf2 Rc3 58.
Ke2 Ne4 59. Ra7 Rxh3 60. Nc8 Nc3+ 61. Kf2 Nd5 62. Nd6 Rc3 63. Rxf7+ Kg6 64. Ra7 Nf4 65. Ne8 h5 66. Rg7+ Kh6 67. gxh5 Kxh5 68. Re7 Kg4 69. Ng7 Rf3+ 70. Ke1 Re3+ 71. Kf2 Re5 72. Ra7 Nh3+ 73. Kg2 Re2+ 74. Kf1 Nf4 75. Ra4 Re3 76. Kf2 Re2+ 77. Kf1 Re5 78. Kf2 Kh4 79. Kf3 Kh3 80. Ra8 Kh2 81.
Rh8+ Kg1 82. Kg4 Kf2 83. Rh2+ Ke3 84. Ra2 Nd5 85. Nh5 Kd4 86. Rc2 Ne3+ 87. Kf3 Nxc2 88. Nf6 Ne3 89. Nd7 Rf5+ 90. Kg3 e5 91. Nb8 e4 92. Nc6+ Kd5 93. Ne7+ Ke6 94. Ng6 Rf3+ 95. Kh2 Ng4+ 96. Kg2 Ne5 97. Nf8+ Rxf8 0-1

[Event "Early-Titled-Tuesday-Blitz-January-23-2024"]
[Site "Chess.com"]
[Date "2024.01.23"]
[Round "6"]
[White "Duhless"]
[Black "SirStrateg"]
[Result "1/2-1/2"]
[WhiteElo "3111"]
[BlackElo "2649"]
[TimeControl "180+1"]
[EndTime "9:08:45 PST"]
[Termination "Game drawn - insufficient material"]

1. d4 d6 2. Nf3 Bg4 3. e4 Nf6 4. Nc3 e6 5. h3 Bh5 6. g4 Bg6 7. Qe2 a6 8. h4 h5 9. g5 Nfd7 10. Bh3 Be7 11. d5 e5 12. Nh2 b5 13. a3 c5 14. f4 exf4 15. Bxf4 O-O 16. O-O b4 17. Nd1 Re8 18. Nf2 Bf8 19. Nf3 Nb6 20. Qd3 N8d7 21. Rae1 bxa3 22. Qxa3 Nc4 23. Qc3 Nde5 24.
Nxe5 Nxe5 25. Nd3 Nxd3 26. cxd3 Qb6 27. Kh1 a5 28. Bg2 a4 29. e5 dxe5 30. Bxe5 Rad8 31.
d6 Rxe5 32. Qxe5 Bxd6 33. Qc3 Bg3 34. Re7 Bxh4 35. Qe5 Qb8 36. Qe3 Qg3 37. Qxg3 Bxg3 38. Ra7 Bh4 39. Rxa4 Bxg5 40. Ra5 Be3 41. Re1 Bd4 42.
Be4 Bxe4+ 43. Rxe4 Rb8 44. Ra7 Rxb2 45. Re8+ Kh7 46.
Rxf7 Rf2 47. Rxf2 Bxf2 48. Kg2 Bd4 49. Re6 g6 50. Kf3 Kh6 51. Kf4 Bc3 52. Rc6 Bd4 53. Rc8 Bg1 54. Re8 Bd4 55. Re2 Bg1 56. Rg2 Bd4 57. Ke4 Bc3 58. Kd5 Bd4 59. Ke6 h4 60.
Kd5 Kh5 61. Ke4 g5 62. Kf5 Be3 63. Re2 Bf4 64. Re8 Kh6 65. Rc8 Kg7 66. Rxc5 h3 67. Rb5 h2 68. Rb1 Kf7 69. d4 Ke7 70. Ke4 Kd6 71.
Rb6+ Kc7 72. Rh6 Kd7 73. Kf5 Ke7 74. Ke4 Kd7 75. Kd5 Ke7 76. Rh7+ Kf6 77. Ke4 Kg6 78. Rh8 Kg7 79. Rh5 Kg6 80. Rh8 Kg7 81. Rh3 g4 82.
Rh4 g3 83. Kxf4 g2 84. Rg4+ Kf6 85. Rxg2 h1=Q 86. Rf2 Qh4+ 87. Ke3+ Ke6 88. Rf4 Qg3+ 89. Ke4 Qe1+ 90. Kf3 Qd1+ 91. Kg3 Qd3+ 92. Kg4 Kd5 93. Kg5 Qe3 94. Kf5 Qxd4 95. Rxd4+ Kxd4 1/2-1/2

[Event "Early-Titled-Tuesday-Blitz-January-23-2024"]
[Site "Chess.com"]
[Date "2024.01.23"]
[Round "6"]
[White "Reality-Stone"]
[Black "sokidze"]
[Result "0-1"]
[WhiteElo "2627"]
[BlackElo "2841"]
[TimeControl "180+1"]
[EndTime "9:10:03 PST"]
[Termination "sokidze won by resignation"]

1. Nf3 d5 2. d4 Nf6 3. c4 e6 4. g3 Be7 5. Bg2 O-O 6. O-O c6 7. Nc3 a5 8. Qd3 b6 9. b3 Ba6 10. Rd1 b5 11. cxb5 cxb5 12. Nxb5 Qb6 13. a4 Nc6 14.
Bd2 Ne4 15. Be1 Na7 16. Ne5 Nxb5 17. axb5 Bxb5 18. Qe3 Nd6 19. Qd2 Rfb8 20. e3 Bd8 21.
Rdc1 Be8 22. Rc3 f6 23. Nd3 Ne4 24. Bxe4 dxe4 25. Nc5 f5 26. d5 Bf6 27. Nxe6 Bxc3 28. Qxc3 Qb7 29. Qe5 Qf7 30. Rc1 Rc8 31. Rxc8 Rxc8 32.
Bxa5 Bd7 33. Bc3 Re8 34. Qxg7+ Qxg7 35. Nxg7 Rc8 36. Bd4 Rc1+ 37. Kg2 Rb1 38. Nh5 Bb5 39. g4 fxg4 40. Kg3 Rxb3 41. Nf6+ Kf7 42. Nxe4 h5 43.
Nd6+ Kg6 44. Ne4 Rb1 45. Kf4 Bd3 46. Ng3 h4 47. Ne4 Bxe4 48. Kxe4 Rh1 49. Be5 Rd1 50. d6 Kg5 51. Bf4+ Kf6 52. Be5+ Ke6 53. Kf4 Rh1 54. d7 Kxd7 55. Kxg4 Ke6 56. Bf4 Rg1+ 57. Kxh4 Kf5 58. Bg3 Rf1 59. Kh3 Ra1 60. Kg2 Ra3 61. h3 Ra2 62.
Kf3 Ra3 63. h4 Rb3 64. Bf4 Rb1 65. h5 Rh1 66. e4+ Kf6 67. h6 Kg6 68. Kg4 Re1 69. f3 Rg1+ 70. Kh4 Rh1+ 71. Kg3 Rg1+ 72. Kf2 Rb1 73.
Be3 Rb3 74. f4 Kxh6 75. f5+ Kg7 76. Kf3 Rb5 77. Kf4 Kf7 78. e5 Rb4+ 79. Kg5 Re4 80. Bf4 Re1 81. Bg3 Re3 82. Kf4 Re2 83. Kf3 Ra2 84. e6+ Kf6 85. Kg4 Ra4+ 86. Bf4 Re4 87. Kf3 Kxf5 88. Be3 Rxe6 89. Bf4 Re4 90. Be3 Ra4 91.
Bf2 Ra3+ 92. Kg2 Kf4 93. Kh1 Kf3 94. Bg1 Ra1 95. Kh2 Ra2+ 96. Kh1 Kg3 97. Bd4 Re2 98.
Bg1 Rd2 99. Ba7 Rd1+ 100. Bg1 Kf3 101. Kh2 Rd5 102. Ba7 Rh5+ 103. Kg1 Rh7 104. Bb6 Rh6 105. Bc5 Rc6 106. Ba7 Kg3 107. Bb8+ Kh3 108. Ba7 Rc2 109. Bb6 Kg3 110. Kh1 Rc6 111. Bg1 Rh6+ 112. Bh2+ Rxh2+ 0-1

[Event "Early-Titled-Tuesday-Blitz-January-23-2024"]
[Site "Chess.com"]
[Date "2024.01.23"]
[Round "7"]
[White "sokidze"]
[Black "FREZZY23"]
[Result "1-0"]
[WhiteElo "2843"]
[BlackElo "2492"]
[TimeControl "180+1"]
[EndTime "9:11:50 PST"]
[Termination "sokidze won by resignation"]

1. d4 Nf6 2. Nc3 d5 3. Bf4 g6 4.
e3 Bg7 5. h4 Bf5 6. f3 c6 7. g4 Bd7 8. h5 a5 9. h6 Bf8 10. Be5 Bc8 11. g5 1-0

[Event "Early-Titled-Tuesday-Blitz-January-23-2024"]
[Site "Chess.com"]
[Date "2024.01.23"]
[Round "7"]
[White "Nekoo04"]
[Black "JeFumeDesClopes"]
[Result "1-0"]
[WhiteElo "2383"]
[BlackElo "2530"]
[TimeControl "180+1"]
[EndTime "9:12:26 PST"]
[Termination "Nekoo04 won by resignation"]

1. d4 g6 2. c4 Bg7 3. Nc3 d6 4. e4 Nd7 5. Nf3 c5 6. d5 Ngf6 7. Be2 O-O 8. O-O a6 9. Bg5 b5 10. cxb5 axb5 11. Bxb5 Ba6 12. Re1 Bxb5 13. Nxb5 Qa5 14. a4 Qb4 15. Bd2 Qc4 16. b3 1-0

[Event "Early-Titled-Tuesday-Blitz-January-23-2024"]
[Site "Chess.com"]
[Date "2024.01.23"]
[Round "7"]
[White "mertfelin"]
[Black "DeArron_Fox"]
[Result "0-1"]
[WhiteElo "2274"]
[BlackElo "2447"]
[TimeControl "180+1"]
[EndTime "9:12:26 PST"]
[Termination "DeArron_Fox won by resignation"]

1. e4 c5 2. Nf3 e6 3. b3 d6 4. Bb2 Nf6 5. Qe2 Be7 6. d3 O-O 7. Nbd2 Nc6 8. g3 b5 9. Bg2 Bb7 10. O-O a5 11. h4 a4 12. Rfd1 Nd7 13. Nf1 Bf6 14. Bxf6 Qxf6 15. Ne3 axb3 16. axb3 Rxa1 0-1

[Event "Early-Titled-Tuesday-Blitz-January-23-2024"]
[Site "Chess.com"]
[Date "2024.01.23"]
[Round "7"]
[White "EvgenyBurmakin"]
[Black "RandomNoob04"]
[Result "0-1"]
[WhiteElo "2447"]
[BlackElo "2575"]
[TimeControl "180+1"]
[EndTime "9:12:29 PST"]
[Termination "RandomNoob04 won by resignation"]

1. e4 e5 2. Nf3 Nf6 3. Nxe5 Nc6 4. Nxc6 dxc6 5. f3 Be6 6. d4 Nxe4 7. fxe4 Qh4+ 8.
Kd2 Qxe4 9. c3 g6 10. Qe2 Bh6+ 11. Kd1 Bg4 0-1

[Event "Early-Titled-Tuesday-Blitz-January-23-2024"]
[Site "Chess.com"]
[Date "2024.01.23"]
[Round "7"]
[White "NewYearGirl"]
[Black "jk13"]
[Result "0-1"]
[WhiteElo "2367"]
[BlackElo "2628"]
[TimeControl "180+1"]
[EndTime "9:12:50 PST"]
[Termination "jk13 won by resignation"]

1. e4 e5 2. Nf3 Nc6 3. Bc4 Bc5 4. b4 Bxb4 5. c3 Ba5 6. d4 exd4 7. O-O Nge7 8. Ng5 Ne5 9. Nxf7 Nxf7 10. Bxf7+ Kxf7 11.
Qh5+ g6 12. Qxa5 d5 13. cxd4 Nc6 14. exd5 Nxa5 0-1

[Event "Early-Titled-Tuesday-Blitz-January-23-2024"]
[Site "Chess.com"]
[Date "2024.01.23"]
[Round "7"]
[White "hakanazeri2"]
[Black "WindWhistler11"]
[Result "1-0"]
[WhiteElo "2577"]
[BlackElo "2455"]
[TimeControl "180+1"]
[EndTime "9:13:38 PST"]
[Termination "hakanazeri2 won by resignation"]

1. Nf3 Nf6 2. c4 a6 3. Nc3 e6 4. e4 d6 5. d4 c5 6. dxc5 dxc5 7. Qxd8+ Kxd8 8. Bf4 Nc6 9. O-O-O+ Ke8 10. h3 Bd7 11. g4 h6 12. e5 Nh7 13. Ne4 Be7 14. Bg2 Rd8 15. Nd6+ Bxd6 16. Rxd6 Ke7 17. Rhd1 Bc8 18.
Be3 1-0

[Event "Early-Titled-Tuesday-Blitz-January-23-2024"]
[Site "Chess.com"]
[Date "2024.01.23"]
[Round "7"]
[White "jefferyx"]
[Black "bubeliang"]
[Result "1-0"]
[WhiteElo "3005"]
[BlackElo "2795"]
[TimeControl "180+1"]
[EndTime "9:13:44 PST"]
[Termination "jefferyx won by resignation"]

1. d4 b6 2. e4 Bb7 3. Bd3 g6 4. h4 h5 5. a4 a5 6. Nh3 Bg7 7. Be3 e6 8. Ng5 d5 9. e5 Nh6 10. c3 Nd7 11. Nd2 c5 12. Ndf3 Qc7 13. Bxg6 Nf8 14.
Bxh5 c4 15. Rb1 O-O-O 16. b3 Ba6 17. b4 Ng6 18. Bxg6 fxg6 19. Nxe6 Qf7 20. Nxd8 Rxd8 21. bxa5 bxa5 22. Rb6 Bb7 23. Qb1 Nf5 24. Ng5 Qc7 25. Ne6 Qd7 26. Nxd8 Qxd8 27. Rxb7 Qc7 28. Rxc7+ Kxc7 29.
Bf4 1-0

[Event "Early-Titled-Tuesday-Blitz-January-23-2024"]
[Site "Chess.com"]
[Date "2024.01.23"]
[Round "7"]
[White "Heinza9"]
[Black "Zheenbekov86"]
[Result "1-0"]
[WhiteElo "2324"]
[BlackElo "2483"]
[TimeControl "180+1"]
[EndTime "9:13:49 PST"]
[Termination "Heinza9 won by resignation"]

1. e4 c6 2. d4 d5 3. exd5 cxd5 4. c4 Nf6 5. Nc3 Nc6 6. Bg5 e6 7. Nf3 Be7 8. c5 O-O 9. Bb5 h6 10. Be3 Bd7 11. O-O b6 12. Bxc6 Bxc6 13. Ne5 Bb7 14. b4 bxc5 15. bxc5 Ba6 16. Re1 Qa5 17. Bd2 Qa3 18. Nc6 Rfe8 19. Rb1 Bf8 20. Rb3 1-0

[Event "Early-Titled-Tuesday-Blitz-January-23-2024"]
[Site "Chess.com"]
[Date "2024.01.23"]
[Round "7"]
[White "GMSrinath"]
[Black "Skatchkov_V"]
[Result "1-0"]
[WhiteElo "2834"]
[BlackElo "2624"]
[TimeControl "180+1"]
[EndTime "9:14:08 PST"]
[Termination "GMSrinath won by resignation"]

1. Nf3 d5 2. e3 Nf6 3. c4 e6 4. b3 b6 5. Bb2 Bb7 6. cxd5 exd5 7. Nc3 Bd6 8. Be2 Nbd7 9. O-O a6 10. Rc1 Qe7 11.
d4 O-O-O 12. Bd3 g5 13. Qe2 g4 14. Nd2 Nb8 15. Na4 Kd7 16. Bf5+ Ke8 17. e4 dxe4 18. Nc3 e3 19. fxe3 c5 20. Qf2 Nbd7 21. Nce4 Nxe4 22. Bxe4 Bxe4 23. Nxe4 g3 24. hxg3 Bxg3 1-0

[Event "Early-Titled-Tuesday-Blitz-January-23-2024"]
[Site "Chess.com"]
[Date "2024.01.23"]
[Round "7"]
[White "Let_it_be_1"]
[Black "Makswolf200817"]
[Result "0-1"]
[WhiteElo "2582"]
[BlackElo "2738"]
[TimeControl "180+1"]
[EndTime "9:14:18 PST"]
[Termination "Makswolf200817 won by resignation"]

1. e4 c5 2. Nf3 d6 3. d4 cxd4 4. Nxd4 Nf6 5. Nc3 a6 6. Be2 e5 7.
Nb3 Be7 8. O-O O-O 9. Kh1 Be6 10. f4 exf4 11. Bxf4 Nc6 12. Qe1 d5 13. exd5 Nxd5 14. Rd1 Bb4 15. Qg3 Bxc3 16. bxc3 Qf6 17. Bd6 Qxc3 18.
Bxf8 Qxg3 19. hxg3 Rxf8 20. Rf3 Ne5 21. Rf2 Nc3 22.
Rd6 Ne4 0-1

[Event "Early-Titled-Tuesday-Blitz-January-23-2024"]
[Site "Chess.com"]
[Date "2024.01.23"]
[Round "7"]
[White "Manukyan_Artak"]
[Black "pospisku"]
[Result "1-0"]
[WhiteElo "2499"]
[BlackElo "2291"]
[TimeControl "180+1"]
[EndTime "9:14:18 PST"]
[Termination "Manukyan_Artak won by resignation"]

1. e4 e6 2. d4 d5 3. e5 c5 4. c3 Nc6 5. Nf3 Qb6 6. a3 Nh6 7. b4 cxd4 8. cxd4 Nf5 9. Bb2 Bd7 10. g4 Nfe7 11. Nc3 Ng6 12. Na4 Qd8 13. h4 h5 14. g5 Nge7 15. Nc5 b6 16. Nb7 Qc7 17. Nd6+ Kd8 18. Nxf7+ Kc8 19. Nxh8 Be8 20. Ba6+ Kb8 21. Rc1 Qd8 22. g6 Nf5 23. Nf7 1-0

[Event "Early-Titled-Tuesday-Blitz-January-23-2024"]
[Site "Chess.com"]
[Date "2024.01.23"]
[Round "7"]
[White "ImportedItalianMaple"]
[Black "ScofieldMichael01"]
[Result "0-1"]
[WhiteElo "2461"]
[BlackElo "2614"]
[TimeControl "180+1"]
[EndTime "9:14:27 PST"]
[Termination "ScofieldMichael01 won by resignation"]

1. e4 d5 2. exd5 Nf6 3. d4 Bg4 4. f3 Bh5 5. c4 e6 6. dxe6 Nc6 7. Be3 Bb4+ 8. Nc3 O-O 9. d5 Qe7 10. dxc6 Qxe6 11. Kf2 Rfe8 12. Qc1 Rad8 13. Nh3 Qf5 14. Nf4 Rxe3 15. Kxe3 Bc5+ 16. Ke2 Qe5+ 17. Ne4 Qxe4+ 0-1

[Event "Early-Titled-Tuesday-Blitz-January-23-2024"]
[Site "Chess.com"]
[Date "2024.01.23"]
[Round "7"]
[White "NovakRatko"]
[Black "anasta10"]
[Result "0-1"]
[WhiteElo "2341"]
[BlackElo "2521"]
[TimeControl "180+1"]
[EndTime "9:14:32 PST"]
[Termination "anasta10 won by resignation"]

1. d4 Nf6 2. c4 g6 3. Nc3 Bg7 4. e4 d6 5. f3 O-O 6. Be3 c5 7. dxc5 Nc6 8. cxd6 exd6 9. Qd2 Be6 10. Rd1 Qa5 11.
Bh6 Bxh6 12. Qxh6 Ne5 13. Qg5 Nd3+ 14. Bxd3 Qxg5 15. Nge2 Qe3 16. b3 a6 17. Bc2 Rfd8 18. Rd3 Qc5 19. Nd4 Nd7 20. O-O Ne5 21. Rd2 Nc6 22.
Rfd1 b5 23. Kh1 Nxd4 24. Rxd4 bxc4 25. Na4 Qc7 26. bxc4 Bxc4 27. Bb3 Bxb3 28. axb3 Rab8 0-1

[Event "Early-Titled-Tuesday-Blitz-January-23-2024"]
[Site "Chess.com"]
[Date "2024.01.23"]
[Round "7"]
[White "Bushonica"]
[Black "ClaudiaSof"]
[Result "0-1"]
[WhiteElo "1808"]
[BlackElo "2259"]
[TimeControl "180+1"]
[EndTime "9:14:36 PST"]
[Termination "ClaudiaSof won by resignation"]

1. e4 c5 2. Nf3 Nc6 3. d4 cxd4 4. Nxd4 Nf6 5. Nc3 d6 6. Be2 e5 7. Nb3 Be6 8. Bg5 Be7 9. Bxf6 Bxf6 10. Nd5 Bg5 11. O-O O-O 12. Kh1 a6 13. a4 Kh8 14. Qd3 f5 15. exf5 Bxf5 16. Qc3 Rc8 17. Qg3 Bh4 18. Qe3 Bxc2 19. Bg4 Bg5 20. Qh3 Ra8 21.
Bf5 Bxf5 0-1

[Event "Early-Titled-Tuesday-Blitz-January-23-2024"]
[Site "Chess.com"]
[Date "2024.01.23"]
[Round "7"]
[White "WiktoriaPOL"]
[Black "Barmen_EV"]
[Result "1-0"]
[WhiteElo "2263"]
[BlackElo "2472"]
[TimeControl "180+1"]
[EndTime "9:14:43 PST"]
[Termination "WiktoriaPOL won by resignation"]

1. c4 f5 2. Nc3 Nf6 3. g3 g6 4.
Bg2 Bg7 5. e3 O-O 6. Nge2 d6 7.
O-O e5 8. d3 h6 9. b4 g5 10. f4 exf4 11. gxf4 Qe8 12. Qb3 Qh5 13. c5+ Kh8 14. cxd6 cxd6 15. Nb5 Bd7 16. Nc7 Bc6 17. Ng3 Qh4 18. Nxf5 Qg4 19. Ng3 Bxg2 20. Kxg2 Nc6 21.
Nxa8 Rxa8 22. Bb2 Re8 23. h3 Qh4 24. Nf5 Qh5 25. Nxg7 Rxe3 26. Nxh5 1-0

[Event "Early-Titled-Tuesday-Blitz-January-23-2024"]
[Site "Chess.com"]
[Date "2024.01.23"]
[Round "7"]
[White "giomar27"]
[Black "hurricane7791"]
[Result "0-1"]
[WhiteElo "2423"]
[BlackElo "2703"]
[TimeControl "180+1"]
[EndTime "9:14:56 PST"]
[Termination "hurricane7791 won by resignation"]

1. d4 Nf6 2. Nc3 d5 3. Bf4 c5 4. e4 cxd4 5. Qxd4 Nc6 6. Bb5 a6 7. Bxc6+ bxc6 8. exd5 cxd5 9. Nf3 e6 10. O-O Be7 11.
Ne5 Bb7 12. Na4 O-O 13. Nb6 Rb8 14. a4 Bd6 15. a5 Qc7 16. c3 Ne4 17. Bg3 Rbd8 18.
Nd3 Nxg3 19. hxg3 e5 20. Qa4 Be7 21. Nb4 d4 22. cxd4 Rxd4 23. Rac1 Qd6 24. Nc4 Qxb4 25. Qxb4 Bxb4 26. Nxe5 Bxa5 0-1